 Dungeon Crawl Stone Soup version 0.23.2 (webtiles) character file.

Game seed: 16818092319873536058

344 Borgoz the Cutter (level 6, -6/48 HPs)
             Began as a Ghoul Assassin on Apr 5, 2019.
             Killed by divine providence
             ... invoked by an orc priest
              (10 damage)
             ... on level 3 of the Dungeon.
             The game lasted 00:07:39 (2574 turns).

Borgoz the Cutter (Ghoul Assassin)                  Turns: 2574, Time: 00:07:41

Health: -6/48      AC:  8    Str: 15    XL:     6   Next: 58%
Magic:  5/5        EV: 10    Int:  6    God:
Gold:   149        SH:  0    Dex: 12    Spells: 5/5 levels left

rFire    + . .     SeeInvis .   h - +1 dagger (vamp)
rCold    + + .     Gourm    .   (no shield)
rNeg     + + +     Faith    .   s - +0 ring mail
rPois    ∞         Spirit   .   (no helmet)
rElec    .         Reflect  .   t - scarf {rC+ rF+}
rCorr    .         Harm     .   w - +0 pair of gloves
MR       .....                  i - +1 pair of boots
Stlth    ++........             (no amulet)
HPRegen  0.00/turn              (no ring)
MPRegen  0.09/turn              (no ring)

@: rotting
A: rotting body, claws 1, carnivore, cold resistance 1, negative energy
resistance 3, inhibited regeneration, torment resistance, unbreathing
a: no special abilities


You were on level 3 of the Dungeon.
You were not hungry.

You visited 1 branch of the dungeon, and saw 4 of its levels.

You collected 149 gold pieces.

Inventory:

Hand Weapons
 a - a +2 dagger
 b - a +0 blowgun
 h - a +1 vampiric dagger (weapon)
Missiles
 e - 8 poisoned needles
 f - 2 curare-tipped needles
 o - 2 tomahawks (quivered)
Armour
 i - a +1 pair of boots (worn)
 s - a +0 ring mail (worn)
 t - a scarf of resistance (worn)
 w - a +0 pair of gloves (worn)
Scrolls
 j - a scroll of amnesia
 n - a scroll of blinking
 p - 3 scrolls of remove curse
 q - a scroll of fear
 r - 2 scrolls of fog
Potions
 d - a potion of resistance
 k - a potion of curing
Comestibles
 g - 3 rations


   Skills:
 - Level 2.2 Fighting
 + Level 5.9 Short Blades
 - Level 1.7 Throwing
 - Level 1.0 Armour
 - Level 1.0 Dodging
 - Level 4.5 Stealth


You had 5 spell levels left.
You didn't know any spells.
Your spell library was empty.

Dungeon Overview and Level Annotations

Branches:
Dungeon (4/15)
 Temple: D:4-7

Altars:


Innate Abilities, Weirdness & Mutations

Your body is rotting away.
You thrive on raw meat.
You are immune to poison.
You have sharp fingernails.
You are carnivorous and can eat meat at any time.
Your flesh is cold resistant. (rC+)
You are immune to negative energy. (rN+++)
You do not regenerate when monsters are visible.
You are immune to unholy pain and torment.
You can survive without breathing.


Message History

The orc barely misses you. The orc hits you with a +0 short sword.
* * * LOW HITPOINT WARNING * * *
The frilled lizard bites you.
* * * LOW HITPOINT WARNING * * *
You hit the orc priest.
You feel better.
The orc priest is severely wounded.
The orc priest hits you.
* * * LOW HITPOINT WARNING * * *
The orc closely misses you.
You hit the orc priest but do no damage.
The orc priest is severely wounded.
The orc barely misses you. The frilled lizard barely misses you.
The orc priest hits you but does no damage.
You hit the orc priest but do no damage.
The orc priest is severely wounded.
The orc hits you but does no damage. The orc barely misses you.
The frilled lizard closely misses you.
The orc priest calls down the wrath of Beogh upon you.
Beogh smites you!
You die...

#.##.##.# #.# #.###)# ##.....##
#.#..##.# #.# #..##.###.......#
##.......####.###...#.##.........
...[...(...............'.........
###...#####.........####.........
......[# #(#####...# ##.......#
.####..# #.# #.#.# ##.....##
.####..# #.# ###l#.# ##...##
.##....# #.# #o@o#.# ##'##
.##.##.# #.# #o###.# #.# .##.##.#
#.###.###.# #.# .......#
#.........# ##.## ###.####
#####.###### ##...## #.#
#......#####.....# #.#
######..........## ###>#
#########<.### ....# ##..).


You could see an orc priest, 2 orcs and a frilled lizard.

Vanquished Creatures
  A centaur (D:3)
  An orc wizard (D:3)
  An orc priest (D:3)
  Jessica (D:3)
  Natasha (D:3)
  An iguana (D:3)
  4 adders
  A worm (D:2)
  3 dart slugs (D:2)
  A leopard gecko (D:3)
  5 orcs (D:3)
  15 bats
  5 giant cockroaches
  10 goblins
  13 hobgoblins
  2 jackals (D:1)
  A quokka (D:3)
  2 frilled lizards (D:2)
  6 kobolds
  9 rats
83 creatures vanquished.

Notes
Turn   | Place    | Note
-------+----------+-------------------------------------------
     0 | D:1      | Borgoz the Ghoul Assassin began the quest for the Orb.
     0 | D:1      | Reached XP level 1. HP: 17/17 MP: 0/0
    41 | D:1      | Reached skill level 1 in Dodging
    49 | D:1      | Reached XP level 2. HP: 18/24 MP: 1/1
    53 | D:1      | Reached skill level 2 in Short Blades
    53 | D:1      | Reached skill level 1 in Armour
   330 | D:1      | Reached XP level 3. HP: 22/29 MP: 2/2
   666 | D:2      | Reached skill level 3 in Short Blades
   781 | D:2      | Reached XP level 4. HP: 26/36 MP: 3/3
  1375 | D:3      | Reached skill level 4 in Short Blades
  1375 | D:3      | Reached XP level 5. HP: 24/40 MP: 4/4
  1473 | D:3      | Noticed Jessica
  1486 | D:3      | Killed Jessica
  2030 | D:3      | Reached skill level 5 in Short Blades
  2046 | D:3      | Reached XP level 6. HP: 24/48 MP: 5/5
  2179 | D:3      | Noticed Natasha
  2202 | D:3      | Killed Natasha
  2541 | D:4      | Noticed a phantom
  2574 | D:3      | Killed from afar by an orc priest

Skill      XL: |  1  2  3  4  5 |
---------------+----------------+-----
Dodging        | 1 |  1.0
Short Blades   | 2 3 4 5 |  5.9
Armour         | 1 |  1.0
Fighting       | |  2.2
Throwing       | |  1.7
Stealth        | |  4.5

Action                   |  1- 3 |  4- 6 || total
-------------------------+-------+-------++-------
Melee: Dagger            |   148 |   319 ||   467
  Use: Potion            |       |     7 ||     7
       Scroll            |       |     9 ||     9
 Stab: Sleeping          |     5 |     5 ||    10
       Invisible         |       |     5 ||     5
  Eat: Chunk             |     3 |     7 ||    10
Armor: Robe              |    19 |       ||    19
       Leather armour    |    43 |    35 ||    78
       Ring mail         |       |    62 ||    62
Dodge: Dodged            |    93 |   171 ||   264
